 Dungeon Crawl Stone Soup version 0.30-a0-757-ga6a79fd877 (webtiles) character file.

Game seed: 3356286840766723567

809 themarg the Digger (level 7, -1/73 HPs)
             Began as an Octopode Earth Elementalist on Feb 10, 2023.
             Succumbed to a water moccasin's poison
             ... on level 5 of the Dungeon.
             The game lasted 00:25:41 (6128 turns).

themarg the Digger (Octopode Earth Elementalist)    Turns: 6128, Time: 00:25:41

Health: -1/73      AC: 23    Str:  7    XL:     7   Next: 92%
Magic:  8/11       EV:  2    Int: 20    God:
Gold:   186        SH:  0    Dex: 12    Spells: 9/12 levels left

rFire   . . .      SeeInvis .    d - +0 short sword
rCold   . . .      Faith    .    (no shield)
rNeg    . . .      Spirit   .    (helmet currently unavailable)
rPois   +          Reflect  .    (no amulet)
rElec   .          Harm     .    (no ring)
rCorr   .          Rampage  .    (no ring)
Will    .....      NoTele   +    (no ring)
Stlth   ++                       (no ring)
HPRegen 0.32/turn                (no ring)
MPRegen 0.12/turn                (no ring)
                                 (no ring)
                                 (no ring)

@: lethally poisoned (-1 -> -18), tree-form
A: stationary, stasis, torment immunity, boosted hp, almost no armour,
(amphibious), 8 rings, (camouflage 1), (gelatinous body 1), (nimble swimmer 1),
(tentacles)
a: no special abilities


You were on level 5 of the Dungeon.
You were a tree.
You visited 1 branch of the dungeon, and saw 5 of its levels.
You also visited: Ossuary.

You collected 186 gold pieces.

Inventory:

Hand Weapons
 d - a +0 short sword (weapon)
Missiles
 b - 3 curare-tipped darts
 c - 34 stones
 i - 4 boomerangs
 t - 10 poisoned darts
 u - a throwing net
Magical Staves
 e - a staff of air
Jewellery
 s - a +6 ring of strength
Wands
 j - a wand of light (2)
 w - a wand of polymorph (5)
 C - a wand of paralysis (12)
Scrolls
 f - a scroll of torment {unknown}
 k - a scroll of magic mapping
 m - 3 scrolls of fog
 n - a scroll of teleportation {unknown}
 p - a scroll of poison {unknown}
 q - a scroll of vulnerability {unknown}
 r - a scroll of enchant armour {unknown}
 x - a scroll of amnesia {unknown}
 y - a scroll of identify
Potions
 a - 3 potions of magic
 g - 5 potions of flight
 h - a potion of curing {unknown}
 l - a potion of haste {unknown}
 o - 4 potions of lignification
 v - a potion of might {unknown}
 z - a potion of brilliance {unknown}
 A - a potion of invisibility {unknown}
 B - a potion of cancellation {unknown}


   Skills:
 + Level 4.4 Fighting
 - Level 5.0 Dodging
 - Level 4.0 Stealth
 - Level 3.0 Spellcasting
 - Level 2.0 Transmutations
 - Level 5.0 Earth Magic


You had 9 spell levels left.
You knew the following spells:

 Your Spells              Type           Power      Damage    Failure   Level
a - Sandblast             Erth           46%        2d11      1%          1
b - Passwall              Tmut/Erth      14%        N/A       4%          2

Your spell library contained the following spells:

 Spells                   Type           Power      Damage    Failure   Level
 Wereblood                Tmut           11%        N/A       10%         2
 Stone Arrow              Conj/Erth      26%        3d8       16%         3
 Sublimation of Blood     Necr           3%         N/A       22%         2
 Petrify                  Tmut/Erth      17%        N/A       32%         4
 Ozocubu's Armour         Ice            3%         N/A       38%         3
 Portal Projectile        Hex/Tloc       6%         N/A       38%         3
 Tukima's Dance           Hex            3%         N/A       38%         3
 Blade Hands              Tmut           5%         N/A       86%         5
 Ozocubu's Refrigeration  Ice            1%         4d7       100%        7
 Summon Hydra             Summ           1%         N/A       100%        7


Dungeon Overview and Level Annotations

Branches:
Dungeon (5/15)            Ossuary (visited)
 Temple: D:4-7

Altars:
Nemelex Xobeh
Vehumet

Annotations:
D:2 exclusions: jackal and 1 more exclusion
D:3 1 exclusion, Robin


Innate Abilities, Weirdness & Mutations

You are a tree.
Your roots penetrate the ground, keeping you stationary.
You cannot be teleported.
You are immune to unholy pain and torment.
Your maximum health is greatly increased.
You cannot wear most types of armour.
((You are amphibious.))
You can wear up to eight rings at the same time.
((Your skin changes colour to match your surroundings (Stealth+).))
((Your rubbery body absorbs attacks. (AC +1, EV +1)))
((You are camouflaged when in or above water. (Stealth+)))
((You have tentacles for arms and can constrict up to eight enemies at once.))


Message History

The ogre hits you with a +0 giant spiked club!
You barely miss the ogre. The ogre attacks as you move away!
The ogre closely misses you.
The water moccasin attacks as you move away!
The water moccasin bites you!
You are poisoned.
The water moccasin poisons you! The ogre attacks as you move away!
The ogre misses you.
You feel very sick. The water moccasin bites you.
The water moccasin attacks as you move away!
The water moccasin closely misses you.
You feel sick.
Aiming: Sandblast (safe; 1% risk of failure)
Press: ? - help, Shift-Dir - straight line, f - water moccasin
Aim: a water moccasin (72% to hit)
The blast of sand hits the water moccasin!
The water moccasin is heavily wounded.
You feel sick. The water moccasin bites you. x2
As you read the scroll labelled CAETEL NAW, it crumbles to dust.
The scroll dissolves into smoke.
It was a scroll of fog.
You feel sick. The water moccasin closely misses you.
The water moccasin bites you.
* * * LOW HITPOINT WARNING * * *
You are lethally poisoned!
The water moccasin poisons you!
* * * LOW HITPOINT WARNING * * *
You feel very sick.
Aiming: Sandblast (safe; 1% risk of failure)
Press: ? - help, Shift-Dir - straight line, f/p - water moccasin
Aim: a water moccasin (purple smoke, heavily wounded, 72% to hit)
The blast of sand hits the water moccasin!
The water moccasin is severely wounded.
* * * LOW HITPOINT WARNING * * *
You feel very sick. The water moccasin bites you.
* * * LOW HITPOINT WARNING * * *
You are more poisoned.
The water moccasin poisons you! The water moccasin barely misses you.
Really quaff the potion of lignification?
You turn into a tree.
Your roots penetrate the ground.
You die...

#....## #.....# ...
###.....###
#...##....#....#.
...#..............
####.#.......[<<.....
#....#...##§§§.......
#........§§§§###.....
#.....?.##§♣§#.......
$..l...h.#S§§§......[
..####..§h##§.§....
#.#§O>...##...
#?###...## .. ..
..... . #.. .(..#..
?.. #...# # ...# ...#


You could see a water moccasin and a hound.

Vanquished Creatures
  2 ogres (D:4)
  4 elf zombies (Ossuary)
  A scorpion (D:4)
  A human zombie (Ossuary)
  Natasha (twice) (D:3)
  Terence (D:2)
  2 mummies (Ossuary)
  4 gnolls (D:3)
  3 adders
  An adder zombie (Ossuary)
  3 worms
  A dart slug (D:4)
  2 orcs (D:3)
  8 endoplasms
  6 giant cockroaches
  6 goblins
  9 hobgoblins
  A jackal (D:2)
  8 kobolds
  2 quokkas (D:1)
  4 ball pythons
  4 bats
  2 frilled lizards
  2 goblin zombies (Ossuary)
  11 hobgoblin zombies (Ossuary)
  2 jackal zombies (Ossuary)
  11 kobold zombies (Ossuary)
  5 orc zombies (Ossuary)
  5 rats
113 creatures vanquished.

Notes
Turn   | Place    | Note
-------+----------+-------------------------------------------
     0 | D:1      | themarg the Octopode Earth Elementalist began the quest for
                  | the Orb.
     0 | D:1      | Reached XP level 1. HP: 11/11 MP: 3/3
   170 | D:1      | Reached XP level 2. HP: 17/17 MP: 1/5
   173 | D:1      | Learned a level 2 spell: Passwall
  1135 | D:1      | Reached XP level 3. HP: 21/21 MP: 3/6
  1585 | D:2      | Noticed Terence
  1604 | D:2      | HP: 1/21 [Terence/bolt of light (11)]
  1715 | D:2      | Killed Terence
  1936 | D:2      | Reached XP level 4. HP: 14/27 MP: 2/7
  3287 | D:3      | Noticed Natasha
  3296 | D:3      | Killed Natasha
  3297 | D:3      | Reached XP level 5. HP: 22/31 MP: 6/9
  3627 | D:3      | Noticed Natasha
  3656 | D:3      | Killed Natasha
  3729 | D:3      | Found a radiant altar of Vehumet.
  4014 | D:3      | Reached skill level 1 in Fighting
  4152 | D:3      | Noticed Robin
  4291 | D:4      | Found a sand-covered staircase.
  4321 | Ossuary  | Entered an ossuary
  4704 | Ossuary  | Reached XP level 6. HP: 29/39 MP: 4/10
  4955 | Ossuary  | Reached skill level 5 in Earth Magic
  4955 | Ossuary  | Reached XP level 7. HP: 29/45 MP: 3/11
  5728 | D:4      | Found a sparkling altar of Nemelex Xobeh.
  5736 | D:4      | Reached skill level 5 in Dodging
  6091 | D:5      | Entered Level 5 of the Dungeon
  6127 | D:5      | HP: 2/49 [water moccasin (5)]
  6128 | D:5      | Succumbed to a water moccasin's poison

Illustrated notes

Levels and vault maps discovered:
D:1:      dpeg_arrival_rooms_with_view, layout_basic
D:2:      layout_basic, uniq_terence
D:3:      layout_loops_corners, mainiacjoe_overflow_small_starburst, uniq_robin,
          uniq_natasha
D:4:      layout_basic, nemelex_xobeh_ov_fountains_minmay,
          nicolae_ossuary_entry_monument
D:5:      layout_cave_pools, mainiacjoe_overflow_alcove_2, lemuel_round_altar,
          mainiacjoe_overflow_24_doors

Skill      XL: |  1  2  3  4  5  6  7 |
---------------+----------------------+-----
Stealth        | 3 4 |  4.0
Transmutations | 2 |  2.0
Spellcasting   | 3 |  3.0
Earth Magic    | 4 5 |  5.0
Fighting       | 1 2 4 |  4.4
Dodging        | 3 5 |  5.0

Action                     |  1- 3 |  4- 6 |  7- 9 || total
---------------------------+-------+-------+-------++-------
  Melee: Short sword       |    32 |    41 |    30 ||   103
         Unarmed           |     4 |       |       ||     4
         Constrict         |     6 |    11 |     4 ||    21
         Tentacles         |     5 |     6 |     4 ||    15
         Punch             |     1 |     1 |       ||     2
   Cast: Sandblast         |    18 |    86 |    32 ||   136
         Passwall          |    18 |     8 |     5 ||    31
    Use: Scroll            |       |     4 |     2 ||     6
         Potion            |       |       |     1 ||     1
   Stab: Sleeping          |    21 |     7 |     5 ||    33
 Armour: Skin              |     1 |     1 |     3 ||     5
  Dodge: Dodged            |    16 |    22 |    26 ||    64

Table legend: (Time is in decaauts)
 A = Elapsed time spent in this place.
 B = Non-inter-level travel time spent in this place.
 C = Inter-level travel time spent in this place.
 D = Time resting spent in this place.
 E = Time spent auto-exploring this place.
 F = Levels seen in this place.
 G = Mean time per level.
                   A        B        C        D        E       F      G
               +--------+--------+--------+--------+--------+-----+--------+
         Total |   6195 |   5871 |    324 |   1439 |   2904 |   6 | 1032.5 |
       Dungeon |   5250 |   4926 |    324 |   1002 |   2849 |   5 | 1050.0 |
       Ossuary |    945 |    945 |      0 |    437 |     55 |   1 |  945.0 |
               +--------+--------+--------+--------+--------+-----+--------+

Top non-repeatable levels by time:
     D:2: 1464 daAuts
     D:3: 1439 daAuts
     D:1: 1426 daAuts
 Ossuary: 945 daAuts
     D:4: 882 daAuts
     D:5: 37 daAuts
